 Dungeon Crawl Stone Soup version 0.23-a0-143-g1adec7b (webtiles) character file.

52 Amnesiac the Covered (level 3, -1/27 HPs)
             Began as a Mummy Wanderer on Sept 3, 2018.
             Slain by a worm (10 damage)
             ... on level 2 of the Dungeon.
             The game lasted 00:02:19 (1099 turns).

Amnesiac the Covered (Mummy Wanderer)               Turns: 1099, Time: 00:02:19

Health: -1/27      AC:  2    Str: 16    XL:     3   Next: 60%
Magic:  3/3        EV: 11    Int: 13    God:
Gold:   45         SH:  0    Dex:  9    Spells: 2/2 levels left

rFire    x . .     SeeInvis .   b - +0 shortbow
rCold    + . .     Gourm    .   (shield currently unavailable)
rNeg     + + +     Faith    .   f - +0 robe
rPois    ∞         Spirit   .   (no helmet)
rElec    .         Reflect  .   (no cloak)
rCorr    .         Harm     .   (no gloves)
MR       .....                  (no boots)
Stlth    +.........             (no amulet)
HPRegen  0.09/turn              (no ring)
MPRegen  0.08/turn              (no ring)

@: no status effects
A: no food or potions, fire vulnerability, cold resistance 1, negative energy
resistance 3, torment resistance, unbreathing
a: no special abilities


You were on level 2 of the Dungeon.
You were not hungry.

You visited 1 branch of the dungeon, and saw 2 of its levels.

You collected 45 gold pieces.

Inventory:

Hand Weapons
 a - a +0 hand crossbow
 b - a +0 shortbow (weapon)
Missiles
 c - 22 arrows (quivered)
 e - 40 bolts
Armour
 f - a +0 robe (worn)
Wands
 d - a wand of flame (15)
Scrolls
 g - 2 scrolls of teleportation {!r, unknown}
 h - a scroll of enchant weapon {!r, unknown}
 i - a scroll of amnesia {!r, unknown}


   Skills:
 - Level 2.0 Fighting
 - Level 1.0 Bows
 + Level 3.0 Crossbows
 - Level 3.2 Armour
   Level 1.0 Shields
 - Level 1.0 Evocations


You had 2 spell levels left.
You didn't know any spells.
Your spell library was empty.

Dungeon Overview and Level Annotations

Branches:
Dungeon (2/15)

Altars:


Innate Abilities, Weirdness & Mutations

You do not eat or drink.
Your flesh is vulnerable to fire.
You are immune to poison.
Your flesh is cold resistant. (rC+)
You are immune to negative energy. (rN+++)
You are immune to unholy pain and torment.
You can survive without breathing.


Message History

Aim: a leopard gecko (almost dead)
You shoot an arrow. The arrow misses the leopard gecko.
Firing (i - inventory)
c - 28 arrows (quivered)
Press: ? - help, Shift-Dir - straight line, f/p - leopard gecko
Aim: a leopard gecko (almost dead)
You shoot an arrow. The arrow hits the leopard gecko.
You kill the leopard gecko!
No target in view!
No target in view!
No target in view!
Found a stone staircase leading down.
There is an open door here.
No target in view!
No target in view!
c - 28 arrows (gained 1)
c - 29 arrows (gained 1)
c - 30 arrows (gained 1)
You open the door.
A worm comes into view.
There is an open door here.
Firing (i - inventory)
c - 30 arrows (quivered)
Press: ? - help, Shift-Dir - straight line, f - worm
Aim: a worm (resting)
You shoot an arrow. The arrow hits the worm.
The worm is moderately wounded.
Firing (i - inventory)
c - 29 arrows (quivered)
Press: ? - help, Shift-Dir - straight line, f/p - worm
Aim: a worm (moderately wounded)
You shoot an arrow. The arrow barely misses the worm.
A worm is nearby!
Firing (i - inventory)
c - 28 arrows (quivered)
Press: ? - help, Shift-Dir - straight line, f/p - worm
Aim: a worm (moderately wounded)
You shoot an arrow. The arrow hits the worm.
The worm is moderately wounded.
The worm bites you.
Firing (i - inventory)
c - 27 arrows (quivered)
Press: ? - help, Shift-Dir - straight line, f/p - worm
Aim: a worm (moderately wounded)
You shoot an arrow. The arrow completely misses the worm.
The worm bites you.
Firing (i - inventory)
c - 26 arrows (quivered)
Press: ? - help, Shift-Dir - straight line, f/p - worm
Aim: a worm (moderately wounded)
You shoot an arrow.
The arrow hits the worm but does no damage.
The worm is moderately wounded.
Firing (i - inventory)
c - 25 arrows (quivered)
Press: ? - help, Shift-Dir - straight line, f/p - worm
Aim: a worm (moderately wounded)
You shoot an arrow. The arrow hits the worm.
The worm is moderately wounded.
The worm bites you!
* * * LOW HITPOINT WARNING * * *
Firing (i - inventory)
c - 24 arrows (quivered)
Press: ? - help, Shift-Dir - straight line, f/p - worm
Aim: a worm (moderately wounded)
You shoot an arrow. The arrow hits the worm.
The worm is heavily wounded.
The worm barely misses you.
Firing (i - inventory)
c - 23 arrows (quivered)
Press: ? - help, Shift-Dir - straight line, f/p - worm
Aim: a worm (heavily wounded)
You shoot an arrow. The arrow barely misses the worm.
The worm bites you!
You die...

#..........#
#..........#
#..........#
#..........#
#..........#
#.....[....#
#.......>..#
#..........#
########@###
.....(w.#
#########


You could see a worm.

Vanquished Creatures
  A worm (D:2)
  3 dart slugs (D:1)
  A leopard gecko (D:2)
  A giant cockroach (D:2)
  11 goblins
  7 hobgoblins
  3 kobolds (D:1)
  6 bats (D:1)
  2 frilled lizards (D:1)
  3 rats
38 creatures vanquished.

Notes
Turn   | Place    | Note
-------+----------+-------------------------------------------
     0 | D:1      | Amnesiac the Mummy Wanderer began the quest for the Orb.
     0 | D:1      | Amnesiac set off with: a wand of flame (15), a +0 shortbow,
                  | 25 arrows, a +0 hand crossbow, 27 bolts, a +0 robe
     0 | D:1      | Reached XP level 1. HP: 16/16 MP: 1/1
    46 | D:1      | Reached XP level 2. HP: 17/22 MP: 2/2
   589 | D:1      | Reached XP level 3. HP: 27/27 MP: 3/3
  1099 | D:2      | Slain by a worm

Vault maps used:
D:1:      grunt_arrival_crossed_arrows, minmay_misc_feat_five
D:2:      doesnt_xom_only_xom, grunt_temple_overflow_diamond, elyvilon_altar_5

Skill      XL: |  1  2  3 |
---------------+----------+-----
Crossbows      | 2 3 |  3.0
Fighting       | |  2.0
Bows           | |  1.0
Armour         | |  3.2
Shields        | |  1.0
Evocations     | |  1.0

Action                   || total
-------------------------++-------
 Fire: Shortbow          ||   128
       Hand crossbow     ||     8
Armor: Robe              ||    14
Dodge: Dodged            ||    37

Table legend:
 A = Non-vault XP
 B = Vault XP
 C = Vault XP percentage of total XP
 D = Non-vault monster count
 E = Vault monster count
 F = Vault count percentage of total count
                 A         B        C        D         E       F
            +---------+---------+-------+---------+---------+-------
      Total |      75 |       0 |   0.0 |      38 |       0 |   0.0
            +---------+---------+-------+---------+---------+-------
        D:1 |      56 |       0 |   0.0 |      30 |       0 |   0.0
        D:2 |      19 |       0 |   0.0 |       8 |       0 |   0.0
            +---------+---------+-------+---------+---------+-------
